 Dungeon Crawl Stone Soup version 0.27-a0-1290-g15d3ce7508 (console) character file.

Game seed: 1906206496021248198

9 Hector the Cutter (level 2, -1/18 HPs)
             Began as a Deep Elf Abyssal Knight on June 15, 2021.
             Was a Follower of Lugonu.
             Killed from afar by a dart slug (3 damage)
             ... with a slug dart
             ... on level 1 of the Dungeon.
             The game lasted 00:01:42 (422 turns).

Hector the Cutter (Deep Elf Abyssal Knight)          Turns: 422, Time: 00:01:42

Health: -1/18      AC:  2    Str:  9    XL:     2   Next: 3%
Magic:  5/5        EV: 11    Int: 16    God:    Lugonu [*.....]
Gold:   24         SH:  0    Dex: 10    Spells: 3/3 levels left

rFire    . . .     SeeInvis .   a - +1 short sword
rCold    . . .     Faith    .   (no shield)
rNeg     . . .     Spirit   .   b - +0 leather armour
rPois    .         Reflect  .   (no helmet)
rElec    .         Harm     .   (no cloak)
rCorr    .         Rampage  .   (no gloves)
Will     .....     Rnd*Tele +   e - +0 pair of boots
Stlth    +.........             (no amulet)
HPRegen  0.06/turn              (no ring)
MPRegen  0.09/turn              (no ring)

@: no status effects
A: [clumsy 2], [deformed body], [low mp 2], [teleportitis 2]
a: Renounce Religion, Depart the Abyss


You were on level 1 of the Dungeon.
You worshipped Lugonu.
Lugonu was aware of your devotion.
You visited 1 branch of the dungeon, and saw 1 of its levels.
You visited the Abyss 1 time.

You collected 24 gold pieces.

Inventory:

Hand Weapons
 a - a +1 short sword (weapon)
Missiles
 d - 17 stones
Armour
 b - a +0 leather armour (worn)
 e - a +0 pair of boots (worn)
Scrolls
 c - a scroll of identify {unknown}


   Skills:
 - Level 2.4 Fighting
 * Level 2.5 Short Blades
 - Level 0.7 Armour
 - Level 2.4 Dodging
 * Level 1.2 Spellcasting
 - Level 2.0 Invocations


You had 3 spell levels left.
You didn't know any spells.
Your spell library was empty.

Dungeon Overview and Level Annotations

Branches:
Dungeon (1/15)

Altars:


Innate Abilities, Weirdness & Mutations

[You are very clumsy. (Dex -4)]
[Armour fits poorly on your strangely shaped body.]
[Your magical capacity is very low. (-20% MP)]
[You are sometimes teleported next to monsters.]


Message History

You barely miss the rat. The rat misses you.
You barely miss the rat. The rat bites you.
You hit the rat but do no damage. The rat bites you.
You hit the rat.
The rat is heavily wounded.
The rat closely misses you.
You hit the rat.
You kill the rat!
Lugonu accepts your kill.
You closely miss the kobold. The kobold hits you with a +0 club.
You closely miss the kobold. The kobold closely misses you.
You hit the kobold.
The kobold is severely wounded.
The kobold hits you but does no damage.
You barely miss the kobold.
The kobold is severely wounded.
The kobold barely misses you.
You hit the kobold.
You kill the kobold!
Lugonu accepts your kill.
You have reached level 2!
You barely miss the frilled lizard. The frilled lizard misses you.
You closely miss the frilled lizard. The frilled lizard barely misses you.
You hit the frilled lizard.
You kill the frilled lizard!
Lugonu accepts your kill. The dart slug launches a dart at you.
The slug dart hits you.
* * * LOW HITPOINT WARNING * * *
Items here: ( ) †††.
You hit the dart slug.
The dart slug is heavily wounded.
The dart slug bites you but does no damage.
You hit the dart slug but do no damage.
The dart slug is heavily wounded.
You hit the dart slug.
The dart slug is severely wounded.
The dart slug launches a dart at you. The slug dart hits you.
You die...

# # .# #. ..#
#.K#######..#
#.#.....#...##
#...l.#.....#
..#######..#
........@w.#
.##.######.#
.# .# # ## .
##+ ##. ≈≈.


You could see a dart slug.

Vanquished Creatures
  A bat (D:1)
  A hobgoblin (D:1)
  3 kobolds (D:1)
  A frilled lizard (D:1)
  3 rats (D:1)
9 creatures vanquished.

Notes
Turn   | Place    | Note
-------+----------+-------------------------------------------
     0 | Abyss:1  | Hector the Deep Elf Abyssal Knight began the quest for the
                  | Orb.
     0 | Abyss:1  | Reached XP level 1. HP: 13/13 MP: 4/4
    68 | Abyss:1  | Noticed a wretched star
    70 | D:1      | Escaped the Abyss
   157 | D:1      | Reached skill level 1 in Spellcasting
   160 | D:1      | Reached * piety under Lugonu
   416 | D:1      | Reached XP level 2. HP: 6/18 MP: 5/5
   422 | D:1      | Killed from afar by a dart slug

Illustrated notes

Levels and vault maps discovered:
D:1:      lightli_arrival_isolated_outpost, layout_basic,
          minmay_misc_feat_hallway, minmay_3d_cube

Skill      XL: |  1 |
---------------+----+-----
Spellcasting   | 1 |  1.2
Fighting       | |  2.4
Short Blades   | |  2.5
Armour         | |  0.7
Dodging        | |  2.4
Invocations    | |  2.0

Action                   || total
-------------------------++-------
Melee: Short sword       ||    33
Invok: Depart the Abyss  ||     1
Armor: Leather armour    ||    13
Dodge: Dodged            ||    28

Table legend: (Time is in decaauts)
 A = Elapsed time spent in this place.
 B = Non-inter-level travel time spent in this place.
 C = Inter-level travel time spent in this place.
 D = Time resting spent in this place.
 E = Time spent auto-exploring this place.
 F = Levels seen in this place.
 G = Mean time per level.
                   A        B        C        D        E       F      G
               +--------+--------+--------+--------+--------+-----+--------+
         Total |    421 |    421 |      0 |    226 |     87 |   2 |  210.5 |
       Dungeon |    351 |    351 |      0 |    226 |     22 |   1 |  351.0 |
         Abyss |     70 |     70 |      0 |      0 |     65 |   1 |   70.0 |
               +--------+--------+--------+--------+--------+-----+--------+

Top non-repeatable levels by time:
     D:1: 351 daAuts
 Abyss:1: 70 daAuts
